 Dungeon Crawl Stone Soup version 0.17-a0-1373-g64d4c99 (webtiles) character file.

62 Kidiri the Firebug (level 3, -2/20 HPs)
             Began as a Deep Elf Fire Elementalist on June 13, 2015.
             Slain by Crazy Yiuf
             ... wielding a +4 quarterstaff of chaos
              (12 damage)
             ... on level 2 of the Dungeon.
             The game lasted 00:11:43 (2072 turns).

Kidiri the Firebug (Deep Elf Fire Elementalist)     Turns: 2072, Time: 00:11:43

Health: -2/20      AC:  4    Str:  5    XL:     3   Next: 85%
Magic:  1/10       EV: 12    Int: 20    God:
Gold:   79         SH:  0    Dex: 15    Spells: 3 memorised, 3 levels left

rFire  + . .     SeeInvis .     j - +0 dagger
rCold  x . .     Clarity  .     i - +0 leather armour
rNeg   . . .     SustAt   .     (no shield)
rPois  .         Gourm    .     (no helmet)
rElec  .         Spirit   .     (no cloak)
rCorr  .         Warding  .     (no gloves)
rMut   .         Stasis   .     l - +0 pair of boots
MR     .....                    (no amulet)
Stlth  ++........               m - ring of fire
                                h - ring of flight

@: very slightly contaminated, not resistant to hostile enchantments, unstealthy
A: no striking features
a: Evoke Flight


You were on level 2 of the Dungeon.
You were not hungry.

You visited 1 branch of the dungeon, and saw 2 of its levels.

You collected 79 gold pieces.

Inventory:

Hand weapons
 j - a +0 dagger (weapon)
Armour
 a - a +0 robe
 i - a +0 leather armour (worn)
 l - a +0 pair of boots (worn)
Jewellery
 h - a ring of flight (left hand)
 m - a ring of fire (right hand)
Scrolls
 d - a scroll of remove curse {unknown}
 e - a scroll of blinking {unknown}
 f - a scroll of identify
 g - 2 scrolls of teleportation
Books
 b - a book of Flames

   Spells                             Type                      Level
   a - Flame Tongue                   Conjuration/Fire             1
   b - Throw Flame                    Conjuration/Fire             2
   c - Conjure Flame                  Conjuration/Fire             3
   d - Inner Flame                    Hexes/Fire                   3
   e - Sticky Flame                   Conjuration/Fire             4
   f - Fireball                       Conjuration/Fire             5
Comestibles
 c - a bread ration


   Skills:
 + Level 1.0 Fighting
 * Level 0.7 Armour
 + Level 2.8 Dodging
 + Level 2.8 Stealth
 * Level 3.5 Spellcasting
 + Level 1.8 Conjurations
 + Level 3.5 Fire Magic
 + Level 0.7 Evocations


You had 3 spell levels left.
You knew the following spells:

 Your Spells              Type           Power        Failure   Level  Hunger
a - Flame Tongue          Conj/Fire      ###..        10%         1    None
b - Throw Flame           Conj/Fire      ###...       12%         2    ##.....
c - Conjure Flame         Conj/Fire      ###.....     21%         3    ###....


Dungeon Overview and Level Annotations

Branches:
Dungeon (2/15)

Altars:
Elyvilon

Annotations:
D:2 Crazy Yiuf, Sigmund


Message History

Confirm with . or Enter, or press ? or * to list all spells.
Aiming: Flame Tongue
Press: ? - help, Shift-Dir - straight line, f/p - Crazy Yiuf
Aim: Crazy Yiuf, wielding a quarterstaff of chaos and wearing a cloak (severely wounded)
You feel a surge of power!
The flame tongue hits Crazy Yiuf.
Crazy Yiuf appears unharmed.
Crazy Yiuf is severely wounded.
Crazy Yiuf screams, "Action!"
Crazy Yiuf barely misses you.
You hit Crazy Yiuf.
Crazy Yiuf is severely wounded.
Crazy Yiuf hits you with a quarterstaff of chaos!
You hit Crazy Yiuf.
Crazy Yiuf is almost dead.
Crazy Yiuf barely misses you.
Your leather armour prevents you from hitting Crazy Yiuf.
Crazy Yiuf is almost dead.
Crazy Yiuf hits you with a quarterstaff of chaos!
Ouch! That really hurt!
You die...

# ##.##.......# #.#
#......### #....##.##.#
*,* #.......##
#....##.##.#
**+****#.......##
####....##.##.#
*,,,,,*#.......##
........#######
*******#........#
###.....# #........#
........#
♣♣♣♣♣##........#
###.###.#
*****♣♣♣.♣..#.#####+###
........#
*,,,*♣@.♣......####+###
###.###.#
#....g♣♣♣♣.............
........# #)..#♣*
♣♣.#..........
........# ###**
♣♣##.#....... #######.#
#.######## ###.....#
#......... ........#
###### ###.######)#
.######.# #.##.#
#.#.#....... .######.#
#.##.# #.#.#.......


You could see Crazy Yiuf.

Vanquished Creatures
  An adder (D:2)
  An ooze (D:2)
  A worm (D:2)
  2 giant geckos
  2 ball pythons (D:1)
  2 bats (D:1)
  4 goblins
  4 hobgoblins
  6 jackals (D:1)
  5 giant cockroaches (D:1)
  7 kobolds
  5 rats (D:1)
40 creatures vanquished.

Notes
Turn   | Place    | Note
--------------------------------------------------------------
     0 | D:1      | Kidiri the Deep Elf Fire Elementalist began the quest for the Orb.
     0 | D:1      | Reached XP level 1. HP: 10/10 MP: 6/6
   354 | D:1      | Reached XP level 2. HP: 15/15 MP: 6/8
   359 | D:1      | Learned a level 2 spell: Throw Flame
   706 | D:1      | Reached skill level 1 in Fighting
   787 | D:1      | Reached XP level 3. HP: 10/20 MP: 1/9
   792 | D:1      | Learned a level 3 spell: Conjure Flame
  1369 | D:2      | Found a white marble altar of Elyvilon.
  1444 | D:2      | Noticed Sigmund
  1648 | D:2      | Found a faded altar to an unknown god.
  2062 | D:2      | Noticed Crazy Yiuf
  2072 | D:2      | Slain by Crazy Yiuf

Vault maps used:
D:1:      onia_arrival_larder
D:2:      old_standard_altar, lemuel_doored_altar, ecumenical_altar_1,
          uniq_sigmund, uniq_crazy_yiuf_cottage

Action                   || total
-------------------------++-------
Melee: Unarmed           ||     5
       Dagger            ||     5
 Cast: Flame Tongue      ||    56
       Throw Flame       ||    13
       Conjure Flame     ||     1
  Use: Scroll            ||     3
       Potion            ||     1
 Stab: Sleeping          ||     1
  Eat: Chunk             ||     2
       Royal jelly       ||     1
